 Dungeon Crawl Stone Soup version 0.29-a0-356-g7bc237e783 (webtiles) character file.

Game seed: 4345213591993122767

9910 snetch the Cleaver (level 11, -8/151 HPs)
             Began as a Minotaur Berserker on Apr 25, 2022.
             Was a High Priest of Trog.
             Mangled by Joseph
             ... wielding a +0 morningstar
              (14 damage)
             ... on level 8 of the Dungeon on Apr 26, 2022.
             The game lasted 00:33:38 (8583 turns).

snetch the Cleaver (Minotaur Berserker)             Turns: 8583, Time: 00:33:38

Health: -8/151     AC: 17    Str: 32    XL:     11   Next: 29%
Magic:  10/10      EV:  9    Int:  4    God:    Trog [*****.]
Gold:   663        SH:  0    Dex: 10    Spells: 10/10 levels left

rFire   . . .      SeeInvis .   a - +2 battleaxe
rCold   . . .      Faith    .   (shield currently unavailable)
rNeg    . . .      Spirit   .   n - +0 plate armour
rPois   .          Reflect  .   (helmet restricted)
rElec   .          Harm     .   B - +0 cloak
rCorr   .          Rampage  .   G - +0 pair of gloves
Will    .....                   (no boots)
Stlth   ..........              (no amulet)
HPRegen 0.35/turn               o - ring of flight
MPRegen 0.12/turn               r - +6 ring of strength

@: berserking, flying, very quick
A: horns 2, retaliatory headbutt
a: Renounce Religion, Berserk, Trog's Hand, Brothers in Arms


You were on level 8 of the Dungeon.
You worshipped Trog.
Trog was extremely pleased with you.
You visited 2 branches of the dungeon, and saw 9 of its levels.
You also visited: Ossuary and Bailey.

You collected 663 gold pieces.

Inventory:

Hand Weapons
 a - a +2 battleaxe (weapon)
 b - a +3 quarterstaff of chaos
 c - a +1 trident of protection
 d - a +2 glaive of draining
 F - a +0 morningstar
Missiles
 f - 36 poisoned darts (quivered)
 g - 256 stones
 k - 25 boomerangs
 p - 2 silver boomerangs
 H - a throwing net
Armour
 n - a +0 plate armour (worn)
 B - a +0 cloak (worn)
 G - a +0 pair of gloves (worn)
 W - +0 acid dragon scales
Jewellery
 j - a ring of poison resistance
 o - a ring of flight (left hand)
 r - a +6 ring of strength (right hand)
Wands
 s - a wand of flame (21)
 J - a wand of polymorph (11)
 U - a wand of acid (9)
Scrolls
 h - 2 scrolls of fear {unknown}
 i - 8 scrolls of identify {unknown}
 l - 2 scrolls of enchant weapon {unknown}
 t - 2 scrolls of immolation {unknown}
 x - a scroll of magic mapping {unknown}
 y - 3 scrolls of amnesia {unknown}
 C - 3 scrolls of noise {unknown}
 D - 2 scrolls of silence {unknown}
 E - a scroll of torment {unknown}
 L - 2 scrolls of fog {unknown}
 M - a scroll of enchant armour {unknown}
 O - 3 scrolls of teleportation {unknown}
Potions
 e - 4 potions of mutation {unknown}
 m - 7 potions of curing {unknown}
 q - 3 potions of cancellation {unknown}
 u - a potion of flight {unknown}
 v - 5 potions of degeneration {unknown}
 w - 3 potions of haste {unknown}
 z - 4 potions of brilliance {unknown}
 A - 2 potions of ambrosia {unknown}
 I - 3 potions of lignification {unknown}
 K - 3 potions of heal wounds {unknown}
 N - 2 potions of might {unknown}
 P - a potion of experience
 X - a potion of attraction {unknown}


   Skills:
 + Level 10.5 Fighting
 + Level 13.8(14.0) Axes
 + Level 3.6(10.1) Maces & Flails
 + Level 4.2(4.8) Staves
 + Level 3.8 Throwing
 + Level 10.2 Armour
 + Level 4.1 Dodging
 + Level 1.1 Stealth


You had 10 spell levels left.
You didn't know any spells.
Your spell library contained the following spells:

 Spells                   Type           Power      Damage    Failure   Level
 Sting                    Tmut/Pois      0%         1d3       98%         1
 Poisonous Vapours        Pois/Air       0%         N/A       99%         2
 Portal Projectile        Hex/Tloc       0%         N/A       100%        3
 Olgreb's Toxic Radiance  Pois           0%         N/A       100%        4
 Blade Hands              Tmut           0%         N/A       100%        5
 Excruciating Wounds      Necr           0%         N/A       100%        5


Dungeon Overview and Level Annotations

Branches:
Dungeon (8/15)             Temple (1/1) D:5            Lair (0/6) D:8
Ossuary (visited)          Bailey (visited)

Altars:
Ashenzari
Cheibriados
Dithmenos
Elyvilon
Fedhas
Gozag
Hepliaklqana
Kikubaaqudgha
Makhleb
Nemelex Xobeh
Okawaru
Qazlal
Sif Muna
Trog
Uskayaw
Vehumet
Wu Jian
Xom
Yredelemnul
Zin
The Shining One

Shops:
D:2 (

Annotations:
D:6 cold hallway
D:8 Joseph


Innate Abilities, Weirdness & Mutations

You have a pair of horns on your head.
You reflexively headbutt those who attack you in melee.


Message History

The sling bullet hits you but does no damage.
Found a scroll labelled RIFFIM XUTAT.
Joseph unwields a +0 vorpal hunting sling.
Joseph wields a +0 morningstar.
Joseph hits you with a +0 morningstar.
You hit Joseph but do no damage. Joseph hits you with a +0 morningstar.
A bullfrog comes into view.
The bullfrog croaks.
You slash Joseph! Your headbutt misses Joseph.
Joseph is moderately wounded.
Joseph hits you with a +0 morningstar.
You closely miss Joseph. Your headbutt misses Joseph.
Joseph is moderately wounded.
Joseph drinks a potion.
Joseph goes berserk!
You closely miss Joseph. Your headbutt misses Joseph.
Joseph is moderately wounded.
Joseph closely misses you.
You closely miss Joseph. You headbutt Joseph!
Joseph is moderately wounded.
Joseph hits you with a +0 morningstar!! Joseph hits you with a +0 morningstar!
You barely miss Joseph.
Joseph is moderately wounded.
You slash the bullfrog! Joseph hits you with a +0 morningstar!!
* * * LOW HITPOINT WARNING * * *
The bullfrog hits you but does no damage.
You slash Joseph!
Joseph is heavily wounded.
You hit the bullfrog. Joseph hits you with a +0 morningstar!
* * * LOW HITPOINT WARNING * * *
The bullfrog hits you but does no damage.
The bullfrog barely misses you. Joseph barely misses you.
Unknown command.
A red film seems to cover your vision as you go berserk!
You feel yourself moving faster!
You feel mighty! Joseph hits you with a +0 morningstar!
* * * LOW HITPOINT WARNING * * *
The bullfrog barely misses you.
You barely miss Joseph.
Joseph is heavily wounded.
You slash the bullfrog! Joseph hits you with a +0 morningstar!
You die...

?.#.... ## #.#.... ...
....... ...... ...
.>..... #.... ##.#
....... #.... #...
....... .. ...#..#
........ ...###F@.# .
..#.... .......@.####..
#.#..... #####..........
....###.##.....#........
......#...........###..#
...................## ..
......##.........#..# .P
.#....##.........##.#..
..##.###...............
<..#...#.....>........)


You could see Joseph (berserk) and a bullfrog.

Vanquished Creatures
  An orc warlord (Bailey)
  A two-headed ogre (D:5)
  Pikel (D:8)
  A komodo dragon (D:8)
  Maggie (D:7)
  Grinder (D:3)
  A troll (D:5)
  A shadow (D:7)
  Sigmund (D:6)
  4 yaks
  2 wyverns
  A steam dragon (D:7)
  5 orc warriors
  4 water moccasins
  4 ice beasts
  2 sky beasts (D:7)
  4 ogres
  3 black bears
  A lemure (D:8)
  3 centaurs
  3 phantoms
  3 kobold brigands
  5 bullfrogs
  2 gnoll sergeants
  5 scorpions
  A necrophage (D:5)
  5 wights (D:7)
  8 howler monkeys
  5 jellies
  4 orc priests
  7 hounds
  Crazy Yiuf (D:3)
  9 iguanas
  3 orc wizards
  9 mummies
  11 gnolls
  14 adders
  2 shadow imps
  2 white imps
  3 worms (D:3)
  3 dart slugs
  28 orcs
  6 bats
  4 endoplasms
  3 giant cockroaches
  11 goblins
  10 hobgoblins
  4 jackals (D:2)
  2 quokkas (D:2)
  10 ball pythons
  2 frilled lizards
  2 hobgoblin zombies (Ossuary)
  27 kobolds
  4 kobold zombies (Ossuary)
  2 orc zombies (Ossuary)
  5 rats (D:1)
267 creatures vanquished.

Vanquished Creatures (collateral kills)
  A steam dragon (D:6)
  A centaur (D:6)
  A necrophage (D:6)
  A gnoll shaman (D:6)
  An iguana (D:6)
  4 gnolls (D:6)
  A goblin (Bailey)
10 creatures vanquished.

Vanquished Creatures (others)
  An orc (D:6)
  25 fungi (D:8)
  23 plants (D:8)
49 creatures vanquished.

Grand Total: 326 creatures vanquished

Notes
Turn   | Place    | Note
-------+----------+-------------------------------------------
     0 | D:1      | snetch the Minotaur Berserker began the quest for the Orb.
     0 | D:1      | Reached XP level 1. HP: 19/19 MP: 0/0
   215 | D:2      | Reached XP level 2. HP: 23/27 MP: 1/1
   218 | D:2      | Reached skill level 4 in Axes
   237 | D:2      | Reached XP level 3. HP: 13/33 MP: 2/2
   245 | D:2      | Found a faded altar of an unknown god.
   264 | D:2      | Found Raylim's Antique Weapon Boutique.
   517 | D:1      | Reached ** piety under Trog
  1068 | D:3      | Reached XP level 4. HP: 21/41 MP: 3/3
  1422 | D:3      | Reached skill level 1 in Throwing
  1838 | D:3      | Reached *** piety under Trog
  1882 | D:3      | Noticed Grinder
  1884 | D:3      | Reached XP level 5. HP: 44/47 MP: 4/4
  1904 | D:3      | Killed Grinder
  1905 | D:3      | Reached skill level 5 in Fighting
  1905 | D:3      | Reached skill level 6 in Axes
  1905 | D:3      | Reached skill level 1 in Maces & Flails
  1905 | D:3      | Reached skill level 1 in Stealth
  1905 | D:3      | Reached XP level 6. HP: 56/56 MP: 5/5
  2116 | D:4      | Reached XP level 7. HP: 13/61 MP: 6/6
  2226 | D:4      | Found a sand-covered staircase.
  2235 | Ossuary  | Entered an ossuary
  2930 | D:3      | Reached skill level 7 in Axes
  2971 | D:3      | Found a shadowy altar of Dithmenos.
  2974 | D:3      | Found an ornate altar of the Wu Jian Council.
  2976 | D:3      | Found a snail-covered altar of Cheibriados.
  3181 | D:3      | Found a runed translucent door.
  3182 | D:3      | Noticed Crazy Yiuf
  3193 | D:3      | Killed Crazy Yiuf
  3403 | D:4      | Reached skill level 5 in Armour
  3440 | D:4      | Reached XP level 8. HP: 63/71 MP: 7/7
  3599 | D:5      | Entered Level 5 of the Dungeon
  3604 | D:5      | Reached **** piety under Trog
  3605 | D:5      | Reached skill level 8 in Axes
  3985 | D:5      | Reached skill level 9 in Axes
  4029 | D:3      | Found a glowing silver altar of Zin.
  4029 | D:3      | Found a shimmering blue altar of Sif Muna.
  4088 | D:5      | Noticed a two-headed ogre
  4095 | D:5      | Killed a two-headed ogre
  4095 | D:5      | Noticed a troll
  4096 | D:5      | Reached skill level 10 in Axes
  4096 | D:5      | Reached XP level 9. HP: 61/81 MP: 8/8
  4104 | D:5      | Killed a troll
  4105 | D:5      | Reached skill level 11 in Axes
  4656 | D:6      | Reached skill level 12 in Axes
  4684 | D:5      | Found a staircase to the Ecumenical Temple.
  4706 | Temple   | Entered the Ecumenical Temple
  5181 | D:6      | Noticed Sigmund
  5192 | D:6      | Killed Sigmund
  5193 | D:6      | Reached XP level 10. HP: 90/90 MP: 9/9
  5404 | D:6      | Reached skill level 1 in Staves
  5743 | D:7      | Found a flagged portal.
  5746 | D:7      | Reached ***** piety under Trog
  5768 | Bailey   | Entered a bailey
  5892 | Bailey   | Noticed an orc warlord
  5976 | Bailey   | Found a runed translucent gate.
  5994 | Bailey   | Found a runed translucent gate.
  6023 | Bailey   | Found a runed translucent gate.
  6351 | Bailey   | Killed an orc warlord
  6352 | Bailey   | Reached skill level 13 in Axes
  7083 | D:8      | Noticed Pikel
  7092 | D:8      | Killed Pikel
  7109 | D:8      | Reached XP level 11. HP: 70/99 MP: 10/10
  7145 | D:8      | Found a staircase to the Lair.
  7263 | D:7      | Noticed Maggie
  7272 | D:7      | Killed Maggie
  7273 | D:7      | Reached skill level 10 in Fighting
  7283 | D:7      | Reached skill level 10 in Armour
  7919 | D:7      | Received a gift from Trog
  8569 | D:8      | Noticed Joseph
  8582 | D:8      | HP: 6/151 [Joseph/+0 morningstar (14)]
  8583 | D:8      | Mangled by Joseph

Illustrated notes

Levels and vault maps discovered:
D:1:      heliophobic_arrival_dark_side_of_the_moon, layout_basic
D:2:      layout_rooms, ebering_ecumenical_altar_petrified, serial_shops, shop
D:3:      layout_basic, nicolae_overflow_hidden_temple, uniq_grinder,
          uniq_crazy_yiuf_cottage
D:4:      cheibrodos_helix_gallery, layout_gridville, gup_ossuary_entry_pyramid
D:5:      cheibrodos_fzero, layout_cave_pools, minmay_temple_entry_metal_lava
D:6:      lemuel_ice_spiral_2, layout_rooms, roderic_serpentine_path,
          uniq_sigmund
D:7:      minmay_recursive_quarters, layout_basic, enter_bailey_4, uniq_maggie
D:8:      layout_rooms, due_lair_maze_entry_diamond, hex_large, uniq_joseph,
          uniq_pikel, uniq_grum
Temple:   regret_index_temple_sphere_string

Skill      XL: |  1  2  3  4  5  6  7  8  9 10 11 |
---------------+----------------------------------+-----
Axes           | 4 6 7 10 12 13 | 13.8
Fighting       | 4 5 6 7 8 9 10 | 10.5
Throwing       | 1 2 3 |  3.8
Armour         | 3 4 5 6 7 9 10 | 10.2
Maces & Flails | 1 2 3 |  3.6
Dodging        | 3 4 |  4.1
Stealth        | 1 |  1.1
Staves         | 3 4 |  4.2

Action                   |  1- 3 |  4- 6 |  7- 9 | 10-12 || total
-------------------------+-------+-------+-------+-------++-------
Melee: Hand axe          |    59 |    67 |   117 |       ||   243
       Headbutt          |     6 |    16 |    35 |    42 ||    99
       Flail             |       |    43 |     5 |       ||    48
       Punch             |       |     2 |     4 |     1 ||     7
       War axe           |       |       |    93 |   166 ||   259
       Quarterstaff      |       |       |       |    47 ||    47
       Broad axe         |       |       |       |    16 ||    16
       Battleaxe         |       |       |       |    26 ||    26
Throw: Dart              |    21 |     1 |    10 |     3 ||    35
       Stone             |       |       |       |    23 ||    23
Invok: Trog's Hand       |       |     3 |     3 |     1 ||     7
       Berserk           |       |       |     4 |     2 ||     6
       Brothers in Arms  |       |       |     1 |     1 ||     2
 Stab: Paralysed         |       |       |       |     1 ||     1
Armor: Animal skin       |     7 |     1 |       |       ||     8
       Plate armour      |       |    83 |   136 |   134 ||   353
       Ring mail         |       |     2 |       |       ||     2
Dodge: Dodged            |    40 |    55 |   104 |    75 ||   274

Table legend: (Time is in decaauts)
 A = Elapsed time spent in this place.
 B = Non-inter-level travel time spent in this place.
 C = Inter-level travel time spent in this place.
 D = Time resting spent in this place.
 E = Time spent auto-exploring this place.
 F = Levels seen in this place.
 G = Mean time per level.
                   A        B        C        D        E       F      G
               +--------+--------+--------+--------+--------+-----+--------+
         Total |   8625 |   8106 |    519 |    289 |   4747 |  11 |  784.1 |
       Dungeon |   7312 |   6800 |    512 |    289 |   3848 |   8 |  914.0 |
        Temple |    154 |    147 |      7 |      0 |    132 |   1 |  154.0 |
       Ossuary |    475 |    475 |      0 |      0 |    377 |   1 |  475.0 |
        Bailey |    683 |    683 |      0 |      0 |    390 |   1 |  683.0 |
               +--------+--------+--------+--------+--------+-----+--------+

Top non-repeatable levels by time:
     D:7: 1563 daAuts
     D:6: 1138 daAuts
     D:4: 1077 daAuts
     D:3: 992 daAuts
     D:1: 827 daAuts
     D:5: 783 daAuts
     D:2: 753 daAuts
  Bailey: 683 daAuts
 Ossuary: 475 daAuts
     D:8: 176 daAuts
  Temple: 154 daAuts
